 Dungeon Sprint DCSS version 0.17-a0-1831-gaadb308 (webtiles) character file.

267 Kidiri the Covert (level 6, 0/28 HPs)
             Began as a Spriggan Enchanter on Sept 14, 2015.
             Slain by a necrophage (5 damage)
             ... in the Dungeon (Sprint II: "The Violet Keep of Menkaure").
             The game lasted 00:01:39 (124 turns).

Kidiri the Covert (Spriggan Enchanter)               Turns: 124, Time: 00:01:39

Health: 0/28       AC:  3    Str:  4    XL:     6   Next: 0%
Magic:  16/18      EV: 26    Int: 16    God:
Gold:   243        SH:  0    Dex: 19    Spells: 1 memorised, 20 levels left

rFire  . . .     SeeInvis +     a - +1 dagger
rCold  . . .     Clarity  .     b - +1 robe
rNeg   . . .     SustAt   .     (shield restricted)
rPois  .         Gourm    .     (helmet restricted)
rElec  .         Spirit   .     (no cloak)
rCorr  .         Warding  .     (gloves unavailable)
rMut   .         NoTele   +     (boots unavailable)
MR     +....                    (no amulet)
Stlth  +++++.....               (no ring)
                                (no ring)

@: very quick, somewhat resistant to hostile enchantments, quite stealthy
A: unfitting armour, see invisible, herbivore 3, speed 3, slow metabolism 2
a: no special abilities


You were in the Dungeon.
You were not hungry.

You visited 1 branch You collected 243 gold pieces.

Inventory:

Hand weapons
 a - a +1 dagger (weapon)
Armour
 b - a +1 robe (worn)
Scrolls
 j - a scroll of blinking
Potions
 g - a potion of haste
 h - 2 potions of magic
Books
 c - a book of Maledictions

   Spells                             Type                      Level
   a - Corona                         Hexes                        1
   b - Ensorcelled Hibernation        Hexes/Ice                    2
   c - Confuse                        Hexes                        3
   d - Tukima's Dance                 Hexes                        3
   e - Dazzling Spray                 Conjuration/Hexes            3
Comestibles
 d - a bread ration
 f - 4 inedible chunks of flesh


   Skills:
 + Level 4.7 Short Blades
 * Level 9.3 Dodging
 * Level 10.5 Stealth
 * Level 8.0 Spellcasting
 + Level 6.3 Hexes


You had 20 spell levels left.
You knew the following spells:

 Your Spells              Type           Power        Failure   Level  Hunger
a - Corona                Hex            ####...      1%          1    None


Dungeon Overview and Level Annotations

Branches:
Dungeon (1/1)

Altars:

Shops:
D [((:?=!%=[[


Innate Abilities, Weirdness & Mutations

You are tiny and cannot use many weapons and most armour.
You have supernaturally acute eyesight.
You are a herbivore.
You cover ground extremely quickly.
You need consume almost no food.


Message History

The necrophage misses you.
You hit the necrophage.
The necrophage is heavily damaged.
The necrophage barely misses you.
You hit the necrophage.
The necrophage is heavily damaged.
The necrophage misses you.
You hit the necrophage.
The necrophage is severely damaged.
You hit the necrophage.
The necrophage is severely damaged.
The necrophage completely misses you.
You hit the necrophage but do no damage.
The necrophage is severely damaged.
The necrophage hits you.
* * * LOW HITPOINT WARNING * * *
You hit the necrophage.
The necrophage is severely damaged.
The necrophage hits you.
You die... ######≈ .∩.∩.#≈ ∩.∩..#≈ ### ### .∩...#≈ .a a. ∩....#≈ ### a#a

.∩...#≈##.###+#
∩.∩..#≈#@n.##.##
+≈'##.'.<.+
..∩.∩#≈#...##.##
▓▓▓###≈##.###+#
######≈ ### ##


You could see a necrophage.

Vanquished Creatures
  3 necrophages (D)
3 creatures vanquished.

Notes
Turn   | Place    | Note
--------------------------------------------------------------
     0 | D        | Kidiri the Spriggan Enchanter began the quest for the Orb.
     0 | D        | Reached XP level 1. HP: 9/9 MP: 5/5
     1 | D        | Noticed a worker ant
     1 | D        | Noticed a worker ant
     1 | D        | Noticed a worker ant
     1 | D        | Noticed a worker ant
     4 | D        | Noticed a necrophage
     4 | D        | Noticed a necrophage
     4 | D        | Noticed a necrophage
     4 | D        | Noticed a necrophage
    13 | D        | Killed a necrophage
    13 | D        | Reached skill level 6 in Dodging
    13 | D        | Reached skill level 8 in Stealth
    13 | D        | Reached skill level 5 in Spellcasting
    13 | D        | Reached skill level 5 in Hexes
    13 | D        | Reached XP level 2. HP: 13/13 MP: 5/9
    13 | D        | Reached XP level 3. HP: 16/16 MP: 6/11
    13 | D        | Reached XP level 4. HP: 21/21 MP: 6/12
    21 | D        | Killed a necrophage
    21 | D        | Reached skill level 9 in Stealth
    21 | D        | Reached XP level 5. HP: 24/24 MP: 6/15
    32 | D        | Killed a necrophage
    32 | D        | Reached skill level 10 in Stealth
    32 | D        | Reached XP level 6. HP: 14/28 MP: 9/18
    72 | D        | Found Bitusasi's Antique Armour Shop.
    73 | D        | Found Viucurr Viwu's Jewellery Boutique.
    73 | D        | Found Boyqir's Food Shop.
    73 | D        | Found Vehaama's Weapon Boutique.
    73 | D        | Found Kecoy's Jewellery Boutique.
    73 | D        | Found Geoloucs's Antique Weapon Shop.
    73 | D        | Found Joapnaebb's Magic Scroll Shop.
    73 | D        | Found Epif's Distillery.
    73 | D        | Found Ola Jefa's Antique Armour Boutique.
    73 | D        | Found Lyptia's Antique Armour Shop.
    73 | D        | Found Saabu's Book Boutique.
    80 | D        | HP: 1/26 [necrophage (2)]
   124 | D        | Slain by a necrophage

Vault maps used:
D:        the_violet_keep_of_menkaure

Action                   |  1- 3 |  4- 6 || total
-------------------------+-------+-------++-------
Melee: Dagger            |     7 |    50 ||    57
 Cast: Corona            |       |     4 ||     4
  Use: Potion            |     1 |     2 ||     3
